 Dungeon Crawl Stone Soup version 0.28.0-45-g0d030f2227 (webtiles) character file.

Game seed: 18046574033845118808

219 101zpm the Magician (level 6, -1/41 HPs)
             Began as a Djinni Ice Elementalist on Apr 17, 2022.
             Slain by a kobold
             ... wielding a +0 dagger
              (2 damage)
             ... on level 4 of the Dungeon.
             The game lasted 00:16:01 (4486 turns).

101zpm the Magician (Djinni Ice Elementalist)       Turns: 4486, Time: 00:16:02

Health: -1/41      AC:  2    Str:  7    XL:     6   Next: 18%
Gold:   99         EV: 12    Int: 18    God:
                   SH:  0    Dex: 14

rFire   + + .      SeeInvis .   (no weapon)
rCold   x . .      Faith    .   (no shield)
rNeg    . . .      Spirit   .   a - +0 robe
rPois   ∞          Reflect  .   (no helmet)
rElec   .          Harm     .   (no cloak)
rCorr   .          Rampage  .   (no gloves)
Will    .....                   (boots unavailable)
Stlth   ++........              (no amulet)
HPRegen 0.13/turn               (no ring)
MPRegen 0.00/turn               (no ring)

@: about to teleport, flying
A: sickness immunity, fire resistance 2, cold vulnerability 1, float, innate
caster, HP casting, extra vitality 1
a: no special abilities


You were on level 4 of the Dungeon.
You visited 1 branch of the dungeon, and saw 5 of its levels.

You collected 99 gold pieces.

Inventory:

Missiles
 h - 18 sling bullets
 i - 72 stones
 j - 15 bolts
Armour
 a - a +0 robe (worn)
Jewellery
 g - a +6 ring of dexterity
Wands
 k - a wand of flame (11)
 m - a wand of iceblast (1)
Scrolls
 c - 2 scrolls of identify {unknown}
 l - a scroll of magic mapping {unknown}
Potions
 d - a potion of brilliance {unknown}
 e - a potion of attraction {unknown}
 f - a potion of curing {unknown}


   Skills:
 + Level 0.5 Fighting
 + Level 2.4 Dodging
 + Level 1.9 Stealth
 + Level 0.4 Unarmed Combat
 + Level 5.2 Spellcasting


You had one spell level left.
You knew the following spells:

 Your Spells              Type           Power      Damage    Failure   Level
a - Freeze                Ice            92%        1d10      1%          1
b - Frozen Ramparts       Ice            46%        1d6       4%          3
c - Ozocubu's Armour      Ice            23%        N/A       4%          3
d - Hailstorm             Conj/Ice       23%        3d7       16%         4
e - Pain                  Necr           92%        1d8       1%          1
f - Call Imp              Summ           23%        N/A       2%          2
Your spell library was empty.

Dungeon Overview and Level Annotations

Branches:
Dungeon (5/15)
 Temple: D:4-7

Altars:
Hepliaklqana
Ru

Shops:
D:4 *

Annotations:
D:4 Blork the orc, Eustachio


Innate Abilities, Weirdness & Mutations

You are immune to sickness and miasma.
You are immune to poison.
Your flesh is very heat resistant. (rF++)
You are vulnerable to cold. (rC-)
You float through the air rather than walking.
You learn spells naturally, not from books.
Your magical power is your life essence.
You have superior vitality. (+4 MHP)


Message History

You start resting.
Blork the orc casts a spell at you. The magic dart hits you.
* * * LOW HITPOINT WARNING * * *
Your icy armour will break if you move.
Continue?
You swap places.
Your icy armour cracks and falls away as you move.
Found a stone staircase leading down. 2 jackals come into view.
The jackal barks! x2; You hear a bark!
You hear a shout!
A jackal comes into view.
A jackal comes into view.
Your crimson imp blinks!
Casting: Pain (safe; 1% risk of failure)
Confirm with . or Enter, or press ? or * to list all spells.
Casting: Frozen Ramparts (dangerous; 4% risk of failure)
Press: ? - help, Dir - look around, f - activate The walls around you are covered in ice.
* * * LOW HITPOINT WARNING * * *
The wall freezes the jackal.
You hit the jackal but do no damage.
The jackal is moderately wounded.
The wall freezes the jackal. x2; The jackal bites you.
* * * LOW HITPOINT WARNING * * *
The wall freezes the jackal.
You barely miss the jackal.
The jackal is severely wounded.
The wall freezes the jackal.
You kill the jackal!
The wall freezes the jackal.
You kill the jackal!
Your frozen ramparts will break if you move.
Continue?
The frozen ramparts melt away as you move.
A kobold comes into view. It is wielding a +0 dagger.
As you read the scroll of teleportation, it crumbles to dust.
You feel strangely unstable.
The kobold throws a stone.
The stone hits you but does no damage.
A worm comes into view.
The kobold hits you with a +0 dagger.
You die...

##.###.##### ..
##.#..>.... #.
##.# #.≈ #o###
#.≈ ##.### #.≈.
###...### #.≈h#
#...∩.?.#
#h≈K####.#...#.#
#.≈.@..5.##.##..#
#.≈.#######...
... #.≈.
######### #.≈.
#.≈. ..≈. ≈≈≈≈.
....w.


You could see a worm (wandering), 2 jackals, a kobold and a friendly crimson imp
(summoned).

Vanquished Creatures
  A black bear (D:4)
  Ijyb (D:3)
  Robin (D:3)
  An adder (D:2)
  A worm (D:3)
  A dart slug (D:1)
  5 orcs (D:3)
  5 bats
  4 endoplasms
  3 giant cockroaches
  10 goblins
  6 hobgoblins
  2 jackals (D:4)
  6 kobolds
  A quokka (D:1)
  10 ball pythons
  A frilled lizard (D:2)
  A jackal zombie (D:3)
  8 rats
68 creatures vanquished.

Vanquished Creatures (collateral kills)
  A giant cockroach (D:3)
1 creature vanquished.

Vanquished Creatures (others)
  4 plants (D:3)
4 creatures vanquished.

Grand Total: 73 creatures vanquished

Notes
Turn   | Place    | Note
-------+----------+-------------------------------------------
     0 | D:1      | 101zpm the Djinni Ice Elementalist began the quest for the
                  | Orb.
     0 | D:1      | Reached XP level 1. HP: 15/15 MP: 0/0
   438 | D:1      | Reached XP level 2. HP: 19/21 MP: 0/0
   854 | D:1      | Reached XP level 3. HP: 20/25 MP: 0/0
   854 | D:1      | Learned a level 1 spell: Pain
  1012 | D:1      | Found a faded altar of an unknown god.
  1339 | D:2      | Reached skill level 4 in Spellcasting
  1598 | D:2      | Reached XP level 4. HP: 29/31 MP: 0/0
  3034 | D:3      | Noticed Robin
  3040 | D:3      | Noticed Ijyb
  3041 | D:3      | Killed Robin
  3334 | D:3      | Found a hazy altar of Hepliaklqana.
  3557 | D:3      | Killed Ijyb
  3558 | D:3      | Reached XP level 5. HP: 11/36 MP: 0/0
  3558 | D:3      | Learned a level 2 spell: Call Imp
  4105 | D:3      | You are sucked into a shaft and drop 2 floors!
  4105 | D:5      | Entered Level 5 of the Dungeon
  4150 | D:4      | Found a sacrificial altar of Ru.
  4191 | D:4      | Noticed Eustachio
  4209 | D:4      | Noticed Blork the orc
  4459 | D:4      | Found Uwkifyam's Gadget Gallery.
  4459 | D:4      | Noticed a black bear
  4466 | D:4      | Killed a black bear
  4467 | D:4      | Reached skill level 5 in Spellcasting
  4467 | D:4      | Reached XP level 6. HP: 9/41 MP: 0/0
  4481 | D:4      | HP: 1/41 [jackal (2)]
  4486 | D:4      | Slain by a kobold

Illustrated notes

Levels and vault maps discovered:
D:1:      wander_arrival_desolate, layout_rooms,
          nicolae_ecumenical_snake_handling, minmay_pentomino_z2
D:2:      layout_rooms
D:3:      layout_basic, grunt_temple_overflow_opulence,
          nicolae_hepliaklqana_hazy_memory, dk_yredelemnul_ordeal,
          mainiacjoe_overflow_alcove_4, uniq_jessica, uniq_robin, uniq_ijyb
D:4:      layout_loops_ring, kennysheep_little_box, kennysheep_mini_moat,
          nicolae_overflow_squiral, serial_shops, shop, nicolae_shop_gadgets,
          uniq_blork_the_orc, uniq_eustachio
D:5:      layout_loops_corners, nicolae_wu_jian_immortal_techniques,
          minmay_misc_feat_five, roderic_lattice_a,
          minmay_guarded_unrand_staff_of_olgreb

Skill      XL: |  1  2  3  4  5 |
---------------+----------------+-----
Spellcasting   | 4 5 |  5.2
Fighting       | |  0.5
Dodging        | |  2.4
Stealth        | |  1.9
Unarmed Combat | |  0.4

Action                   |  1- 3 |  4- 6 || total
-------------------------+-------+-------++-------
Melee: Unarmed           |     5 |     6 ||    11
 Cast: Freeze            |    54 |    26 ||    80
       Pain              |       |    23 ||    23
       Frozen Ramparts   |       |    16 ||    16
       Ozocubu's Armour  |       |     5 ||     5
       Call Imp          |       |     5 ||     5
       Hailstorm         |       |     1 ||     1
Evoke: Wand              |       |     1 ||     1
  Use: Scroll            |       |     2 ||     2
 Stab: Sleeping          |     1 |       ||     1
Armor: Robe              |     7 |    17 ||    24
Dodge: Dodged            |    29 |    23 ||    52
